 Dungeon Crawl Stone Soup version 0.31-a0-859-g9dce7d3444 (webtiles) character file.

Game seed: 7199380972860535335

157 BinkBink the Ducker (level 5, 0/30 HPs)
             Began as a Spriggan Fighter on Oct 10, 2023.
             Splashed by a jelly's acid (1 damage)
             ... on level 4 of the Dungeon.
             The game lasted 00:06:27 (2932 turns).

BinkBink the Ducker (Spriggan Fighter)              Turns: 2932, Time: 00:06:28

Health: 0/30       AC: -14   Str: 10    XL:     5   Next: 15%
Magic:  6/6        EV: 19    Int:  9    God:
Gold:   187        SH:  5    Dex: 17    Spells: 4/4 levels left

rFire   . . .        a - +0 rapier
rCold   . . .        c - +0 buckler
rNeg    . . .        b - +0 robe
rPois   .            (helmet restricted)
rElec   .            (no cloak)
rCorr   .            (gloves unavailable)
SInv    +            (boots unavailable)
Will    .....        (no amulet)
Stlth   ++           (no ring)
HPRegen 0.25/turn    (no ring)
MPRegen 0.10/turn

%: clarity
@: corroded, very quick
A: very small, no large weapons, unfitting armour, see invisible, speed 3,
clarity, robust 1, weak 1
a: no special abilities


You were on level 4 of the Dungeon.
You visited 1 branch of the dungeon, and saw 4 of its levels.

You collected 187 gold pieces.

Inventory:

Hand Weapons
 a - a +0 rapier (weapon)
Armour
 b - a +0 robe (worn)
 c - a +0 buckler (worn)
Jewellery
 e - an amulet of magic regeneration
 g - a ring of fire
Scrolls
 f - a scroll of revelation
 h - 2 scrolls of fog
 j - a scroll of torment {unknown}
 k - a scroll of summoning
 l - 2 scrolls of fear {unknown}
 n - a scroll of identify
Potions
 d - 2 potions of might
 i - 3 potions of heal wounds {unknown}
 m - a potion of curing {unknown}
 o - a potion of berserk rage {unknown}
 p - a potion of magic {unknown}


   Skills:
 + Level 2.9 Fighting
 * Level 3.9 Short Blades
 * Level 5.6 Dodging
 + Level 2.5 Shields


You had 4 spell levels left.
You didn't know any spells.
Your spell library contained the following spells:

 Spells                   Type           Power      Damage    Failure   Level
 Ensorcelled Hibernation  Hex/Ice        0%         N/A       65%         2
 Lesser Beckoning         Tloc           0%         N/A       65%         2
 Passwall                 Tmut/Erth      0%         N/A       65%         2
 Gell's Gravitas          Tloc           0%         N/A       87%         3
 Swiftness                Air            0%         N/A       87%         3
 Teleport Other           Tloc           0%         N/A       87%         3
 Animate Armour           Summ/Erth      0%         N/A       99%         4
 Summon Lightning Spire   Summ/Air       0%         N/A       99%         4
 Alistair's Intoxication  Tmut/Pois      0%         N/A       100%        5
 Borgnjor's Vile Clutch   Necr/Erth      0%         N/A       100%        5
 Lee's Rapid Deconstruct  Erth           0%         3d4*      100%        5
 Eringya's Noxious Bog    Tmut/Pois      0%         4d6       100%        6


Dungeon Overview and Level Annotations

Branches:
Dungeon (4/15)
 Temple: D:4-7

Altars:
Makhleb

Shops:
D:3 (


Innate Abilities, Weirdness & Mutations

You are very small and have problems with some larger weapons.
You are too small for most types of armour.
You have supernaturally acute eyesight. (SInv)
You cover ground extremely quickly. (Speed+++)
You possess an exceptional clarity of mind.
You are robust. (+10% HP)
You are weak. (Str -2)


Message History

Found a scroll of identify.
A jelly comes into view.
A ball python comes into view.
The ball python hisses angrily.
The jelly quivers.
You hear a slurping noise.
You closely miss the ball python. The ball python closely misses you.
The ball python barely misses you.
You hit the ball python.
The ball python is severely wounded.
The ball python completely misses you. The ball python misses you.
You hit the ball python.
You kill the ball python!
You hit the jelly. The acid corrodes you!
Your hands burn!
The jelly is moderately wounded.
The jelly misses you.
You hit the jelly.
Your hands burn!
The jelly is moderately wounded.
The jelly misses you.
You hit the jelly. The acid corrodes you!
Your hands burn!
The jelly is heavily wounded.
The jelly hits you. The acid corrodes you!
You are splashed with acid!
You hit the jelly but do no damage.
Your hands burn!
* * * LOW HITPOINT WARNING * * *
The jelly is heavily wounded.
The jelly completely misses you.
You hit the jelly but do no damage.
Your hands burn!
* * * LOW HITPOINT WARNING * * *
The jelly is heavily wounded.
The jelly misses you.
You hit the jelly.
Your hands burn!
* * * LOW HITPOINT WARNING * * *
The jelly is almost dead.
The jelly closely misses you.
You hit the jelly but do no damage. The acid corrodes you!
Your hands burn!
* * * LOW HITPOINT WARNING * * *
The jelly is almost dead.
The jelly misses you.
You hit the jelly.
Your hands burn!
You die...

###.#..#.# ..... #+ ##.#
####.#..#+# ..... ?..#..#
#.#........
.....####.#..###.#........
........#.....##.#........
........###...............
..........................
........###...##.##.##.###
........J@...............
........###...##.......~♣~
........# #...##.#####~~P
......PPP #...##.# ~~~
.....P... #...#### ~~
####PP~P~P~P..#
~~~♣~♣~~PP..
.P~♣♣♣♣♣P~P.## ♣♣~P.#


You could see a jelly.

Vanquished Creatures
  3 gnolls (D:3)
  5 adders
  2 worms
  2 dart slugs
  3 orcs (D:3)
  7 ball pythons
  6 bats
  3 endoplasms
  A giant cockroach (D:3)
  8 goblins
  4 hobgoblins
  4 jackals (D:1)
  4 kobolds
  7 quokkas
  6 frilled lizards
  4 rats
  A spectral goblin (D:1)
70 creatures vanquished.

Notes
Turn   | Place    | Note
-------+----------+-------------------------------------------
     0 | D:1      | BinkBink the Spriggan Fighter began the quest for the Orb.
     0 | D:1      | Reached XP level 1. HP: 11/11 MP: 2/2
    99 | D:1      | Reached XP level 2. HP: 8/16 MP: 3/3
   164 | D:1      | Found a faded altar of an unknown god.
   640 | D:1      | Reached XP level 3. HP: 19/19 MP: 4/4
   747 | D:2      | Gained mutation: You are weak. (Str -2) [potion of
                  | mutation]
   747 | D:2      | Gained mutation: You are robust. (+10% HP) [potion of
                  | mutation]
   747 | D:2      | Gained mutation: You possess an exceptional clarity of
                  | mind. [potion of mutation]
  1262 | D:2      | Reached skill level 5 in Dodging
  1534 | D:3      | Reached XP level 4. HP: 25/25 MP: 5/5
  1765 | D:3      | Noticed a gnoll sergeant
  1934 | D:3      | Found Siesape's Weapon Emporium.
  2138 | D:3      | Reached XP level 5. HP: 23/30 MP: 6/6
  2539 | D:3      | Found a burning altar of Makhleb.
  2885 | D:4      | Noticed an ogre
  2931 | D:4      | HP: 1/30 [acid (4)]
  2932 | D:4      | Splashed by a jelly's acid

Illustrated notes

Levels and vault maps discovered:
D:1:      minmay_arrival_solitary_statue, layout_rooms,
          dreamdust_ecumenical_altar_drowned_temple
D:2:      layout_loops_ring
D:3:      minmay_recursive_quarters, layout_basic, mainiacjoe_overflow_alcove_4,
          serial_shops, nicolae_shop_rolling_square, serial_bayou_ford_a
D:4:      layout_basic, serial_bayou, serial_bayou_lagoon_b,
          serial_bayou_shore_b, serial_bayou_pond_c, serial_bayou_shore_b,
          serial_bayou_shore_a, st_stairs_4, lightli_corner_chamber

Skill      XL: |  1  2  3 |
---------------+----------+-----
Short Blades   | 3 |  3.9
Dodging        | 5 |  5.6
Fighting       | |  2.9
Shields        | |  2.5

Action                     |  1- 3 |  4- 6 || total
---------------------------+-------+-------++-------
  Melee: Rapier            |   158 |   157 ||   315
    Use: Scroll            |     3 |     1 ||     4
         Potion            |     2 |       ||     2
   Stab: Sleeping          |     2 |       ||     2
 Armour: Robe              |    54 |    52 ||   106
  Dodge: Dodged            |   142 |   119 ||   261
  Block: Buckler           |    39 |    33 ||    72

Table legend: (Time is in decaauts)
 A = Elapsed time spent in this place.
 B = Non-inter-level travel time spent in this place.
 C = Inter-level travel time spent in this place.
 D = Time resting spent in this place.
 E = Time spent auto-exploring this place.
 F = Levels seen in this place.
 G = Mean time per level.
                   A        B        C        D        E       F      G
               +--------+--------+--------+--------+--------+-----+--------+
         Total |   2092 |   2054 |     38 |    137 |   1146 |   4 |  523.0 |
       Dungeon |   2092 |   2054 |     38 |    137 |   1146 |   4 |  523.0 |
               +--------+--------+--------+--------+--------+-----+--------+

Top non-repeatable levels by time:
     D:3: 939 daAuts
     D:1: 518 daAuts
     D:2: 510 daAuts
     D:4: 125 daAuts
